 Dungeon Crawl Stone Soup version 0.29.0-4-gdea44cf6ec (webtiles) character file.

Game seed: 17991157919926490668

302 qw the Chopper (level 6, -3/35 HPs)
             Began as a Tengu Warper on Aug 29, 2022.
             Killed from afar by a charred statue (10 damage)
             ... with a puff of flame
             ... on level 4 of the Dungeon.
             The game lasted 00:01:47 (4776 turns).

qw the Chopper (Tengu Warper)                       Turns: 4776, Time: 00:01:48

Health: -3/35      AC:  9    Str: 13    XL:     6   Next: 37%
Magic:  10/10      EV:  7    Int: 13    God:
Gold:   175        SH:  4    Dex: 14    Spells: 9/9 levels left

rFire   . . .      SeeInvis .   Y - +0 war axe
rCold   . . .      Faith    .   n - +0 buckler
rNeg    . . .      Spirit   .   g - +0 chain mail
rPois   .          Reflect  .   (helmet restricted)
rElec   .          Harm     .   (no cloak)
rCorr   .          Rampage  .   l - +0 pair of gloves
Will    .....                   (boots unavailable)
Stlth   ..........              (no amulet)
HPRegen 0.11/turn               (no ring)
MPRegen 0.12/turn               (no ring)

@: flying quickly and evasively, quick
A: beak, talons 3, nimble flight
a: no special abilities


You were on level 4 of the Dungeon.
You visited 1 branch of the dungeon, and saw 4 of its levels.

You collected 175 gold pieces.


Innate Abilities, Weirdness & Mutations

You have a beak for a mouth.
You have claws for feet.
Your magical nature lets you fly swiftly and evasively.


   Skills:
 - Level 2.0 Fighting
 + Level 6.5 Axes
 - Level 1.0 Throwing
 - Level 2.1 Armour
 - Level 2.1 Dodging
 - Level 1.6 Shields
 - Level 2.0 Spellcasting
 - Level 2.4 Translocations


You had 9 spell levels left.
You didn't know any spells.
Your spell library contained the following spells:

 Spells                   Type           Power      Damage    Failure   Level
 Blink                    Tloc           14%        N/A       99%         2
 Gell's Gravitas          Tloc           7%         N/A       100%        3
 Lesser Beckoning         Tloc           7%         N/A       100%        3
 Teleport Other           Tloc           7%         N/A       100%        3
 Manifold Assault         Tloc           7%         N/A       100%        5

Inventory:

Hand Weapons
 d - a +1 flail of holy wrath
 Y - a +0 war axe (weapon)
Missiles
 k - 6 boomerangs (quivered)
Armour
 c - an orb of guile
 g - a +0 chain mail (worn)
 l - a +0 pair of gloves (worn)
 n - a +0 buckler (worn)
Jewellery
 m - a +6 ring of intelligence
Scrolls
 a - 2 scrolls of identify
Potions
 b - a potion of magic {unknown}
 e - a potion of haste {unknown}
 f - a potion of berserk rage {unknown}
 h - a potion of heal wounds {unknown}
 i - a potion of might {unknown}
 j - a potion of curing {unknown}
 o - a potion of invisibility {unknown}

Dungeon Overview and Level Annotations

Branches:
Dungeon (4/15)
 Temple: D:4-7

Altars:
Trog
Vehumet


Message History

Enter note: The charred statue gestures at you.
The puff of flame hits you!
There is a radiant altar of Vehumet here.
Press < or > to pray at altars.
Press < or > to pray at altars.
Press < or > to pray at altars.
Press < or > to pray at altars.
You hit the charred statue but do no damage.
You claw the charred statue, but do no damage.
The charred statue gestures at you. You block the puff of flame.
The charred statue gestures at you. The puff of flame hits you!
You hit the charred statue but do no damage.
You claw the charred statue, but do no damage.
You hit the charred statue but do no damage.
You claw the charred statue, but do no damage.
You peck the charred statue, but do no damage.
You hit the charred statue. You peck the charred statue.
The charred statue is moderately damaged.
You hit the charred statue but do no damage.
You claw the charred statue, but do no damage.
You peck the charred statue, but do no damage.
The charred statue is moderately damaged.
You completely miss the charred statue.
You claw the charred statue, but do no damage.
The charred statue is moderately damaged.
You hit the charred statue but do no damage.
You claw the charred statue, but do no damage.
The charred statue is moderately damaged.
You hit the charred statue but do no damage.
The charred statue is moderately damaged.
The charred statue gestures at you. The puff of flame hits you!
You hit the charred statue.
The charred statue is almost destroyed.
The charred statue gestures at you. The puff of flame hits you!
You die...

##.#####..## #.
.###..#.#....#
#.#.#.......#.#.######
#...#.. #...#......# #
#...#.#.###..#######.##
#.
.....................#
...
...#########%.###### ..
#.#.......#..#
#.##....._@8.#..#
#....#.......#.##
####.#########.#
###...........#
#......########
#.###### #. #


You could see a charred statue.

Vanquished Creatures
  An orc priest (D:3)
  Jessica (D:2)
  An orc wizard (D:3)
  Robin (D:2)
  6 gnolls (D:4)
  3 adders
  7 worms
  5 dart slugs
  7 orcs
  3 endoplasms
  4 giant cockroaches (D:1)
  9 goblins
  12 hobgoblins
  A jackal (D:2)
  5 kobolds
  A quokka (D:3)
  4 ball pythons
  9 bats
  7 frilled lizards
  10 rats
97 creatures vanquished.

Vanquished Creatures (others)
  A plant (D:2)
1 creature vanquished.

Grand Total: 98 creatures vanquished

Notes
Turn   | Place    | Note
-------+----------+-------------------------------------------
     0 | D:1      | qw the Tengu Warper began the quest for the Orb.
     0 | D:1      | Reached XP level 1. HP: 12/12 MP: 4/4
     0 | D:1      | 0 ||| qw: Version: 0.1-a-89-g26bdef1
     0 | D:1      | 0 ||| qw: Game counter: 3467
     0 | D:1      | 0 ||| qw: Always use a shield: true
     0 | D:1      | 0 ||| qw: God list: Okawaru
     0 | D:1      | 0 ||| qw: Allow faded altars: false
     0 | D:1      | 0 ||| qw: Do Orc after D:15 true
     0 | D:1      | 0 ||| qw: Do second Lair branch before Depths: true
     0 | D:1      | 0 ||| qw: Lair rune preference: random
     0 | D:1      | 0 ||| qw: Plans: Normal
     0 | D:1      | 0 ||| PLANNING D:1-11
    36 | D:1      | 36 ||| Stepping ~*~*~tactically~*~*~ (hiding).
   159 | D:1      | 159 ||| Stepping ~*~*~tactically~*~*~ (stealth).
   164 | D:1      | 164 ||| Stepping ~*~*~tactically~*~*~ (stealth).
   189 | D:1      | Reached skill level 3 in Axes
   189 | D:1      | Reached XP level 2. HP: 17/17 MP: 6/6
   284 | D:1      | 284 ||| Stepping ~*~*~tactically~*~*~ (stealth).
   451 | D:1      | 451 ||| Stepping ~*~*~tactically~*~*~ (hiding).
   667 | D:1      | Reached XP level 3. HP: 21/21 MP: 7/7
   999 | D:1      | 999 ||| UPGRADING to +0 ring mail.
  1009 | D:1      | 1009 ||| DROPPING +0 leather armour.
  1010 | D:1      | 1010 ||| UPGRADING to +0 scale mail.
  1020 | D:1      | 1020 ||| DROPPING +0 ring mail.
  1021 | D:1      | 1021 ||| UPGRADING to +0 pair of gloves.
  1026 | D:1      | 1026 ||| READING 3 scrolls labelled XYOSIE EMNAGAX.
  1027 | D:1      | 1027 ||| READING scroll labelled ZOOSHU WUIG.
  1028 | D:1      | 1028 ||| READING scroll labelled JEXZUB LAIW.
  1029 | D:1      | 1029 ||| READING scroll labelled HACEPS XESTRE.
  1030 | D:1      | 1030 ||| READING 2 scrolls of identify.
  1030 | D:1      | 1030 ||| IDENTIFYING ruby potion
  1031 | D:1      | 1031 ||| DROPPING scroll of blinking.
  1032 | D:1      | 1032 ||| DROPPING potion of lignification.
  1111 | D:2      | 1111 ||| DROPPING +0 whip.
  1228 | D:2      | 1228 ||| Stepping ~*~*~tactically~*~*~ (stealth).
  1270 | D:2      | 1270 ||| Stepping ~*~*~tactically~*~*~ (stealth).
  1276 | D:2      | 1276 ||| Stepping ~*~*~tactically~*~*~ (stealth).
  1279 | D:2      | Reached skill level 4 in Axes
  1286 | D:2      | 1286 ||| FLEEEEING.
  1287 | D:2      | 1287 ||| FLEEEEING.
  1288 | D:2      | 1288 ||| FLEEEEING.
  1289 | D:2      | 1289 ||| FLEEEEING.
  1290 | D:2      | 1290 ||| FLEEEEING.
  1296 | D:2      | 1296 ||| FLEEEEING.
  1297 | D:2      | 1297 ||| FLEEEEING.
  1298 | D:2      | 1298 ||| FLEEEEING.
  1299 | D:2      | 1299 ||| FLEEEEING.
  1481 | D:2      | Found a faded altar of an unknown god.
  1506 | D:2      | 1506 ||| SWAPPING to +0 war axe.
  1507 | D:2      | 1507 ||| DROPPING +0 hand axe.
  1578 | D:2      | Reached XP level 4. HP: 26/26 MP: 8/8
  1631 | D:2      | 1631 ||| Stepping ~*~*~tactically~*~*~ (stealth).
  1638 | D:2      | 1638 ||| Stepping ~*~*~tactically~*~*~ (stealth).
  1954 | D:2      | Noticed Robin
  1955 | D:2      | 1955 ||| Stepping ~*~*~tactically~*~*~ (hiding).
  1969 | D:2      | Killed Robin
  1970 | D:2      | Reached skill level 5 in Axes
  1981 | D:2      | 1981 ||| Stepping ~*~*~tactically~*~*~ (stealth).
  2250 | D:2      | Noticed Jessica
  2251 | D:2      | Killed Jessica
  2252 | D:2      | Gained mutation: Your magical nature lets you fly swiftly
                  | and evasively. [Tengu growth]
  2252 | D:2      | Reached XP level 5. HP: 30/30 MP: 9/9
  2698 | D:2      | 2698 ||| UPGRADING to +0 chain mail.
  2708 | D:2      | 2708 ||| DROPPING +0 scale mail.
  2709 | D:2      | 2709 ||| DROPPING scarf of harm.
  2710 | D:2      | 2710 ||| UPGRADING to +0 buckler.
  2715 | D:2      | 2715 ||| READING scroll labelled IBASYNW QYFA.
  2832 | D:3      | 2832 ||| Stepping ~*~*~tactically~*~*~ (stealth).
  2844 | D:3      | 2844 ||| DROPPING +0 flail.
  3048 | D:3      | 3048 ||| Stepping ~*~*~tactically~*~*~ (hiding).
  3050 | D:3      | 3050 ||| Stepping ~*~*~tactically~*~*~ (hiding).
  3063 | D:3      | Reached skill level 1 in Shields
  3879 | D:3      | 3879 ||| READING scroll labelled NUNUOWN YXZIOL.
  3880 | D:3      | 3880 ||| READING scroll labelled YHAGRO HOAVA.
  3881 | D:3      | 3881 ||| Stepping randomly (stuck).
  3882 | D:3      | 3882 ||| Stepping ~*~*~tactically~*~*~ (cloud).
  4142 | D:4      | Reached XP level 6. HP: 33/35 MP: 10/10
  4164 | D:4      | Reached skill level 6 in Axes
  4254 | D:4      | 4254 ||| FLEEEEING.
  4256 | D:4      | 4256 ||| FLEEEEING.
  4257 | D:4      | 4257 ||| FLEEEEING.
  4258 | D:4      | 4258 ||| FLEEEEING.
  4260 | D:4      | 4260 ||| FLEEEEING.
  4263 | D:4      | 4263 ||| FLEEEEING.
  4264 | D:4      | 4264 ||| FLEEEEING.
  4265 | D:4      | 4265 ||| FLEEEEING.
  4266 | D:4      | 4266 ||| FLEEEEING.
  4268 | D:4      | 4268 ||| FLEEEEING.
  4272 | D:4      | 4272 ||| STAIRDANCE
  4448 | D:3      | 4448 ||| DROPPING scarf of invisibility.
  4675 | D:4      | Found a bloodstained altar of Trog.
  4761 | D:4      | Found a radiant altar of Vehumet.
  4775 | D:4      | HP: 7/35 [charred statue/puff of flame (9)]
  4776 | D:4      | Killed from afar by a charred statue

Levels and vault maps discovered:
D:1:      lightli_arrival_farm, layout_basic
D:2:      minmay_spotlight, layout_basic, ebering_ecumenical_altar_ruins,
          serial_forest, infiniplex_forest_corner_1,
          infiniplex_forest_straight_2, infiniplex_forest_lined_ring,
          infiniplex_forest_clump_large, infiniplex_forest_straight_4,
          infiniplex_forest_straight_4, infiniplex_forest_straight_2,
          infiniplex_forest_diagonal, minmay_3d_cube, uniq_jessica, uniq_robin
D:3:      layout_basic, ebering_dispersal_statue_hall
D:4:      layout_basic, gammafunk_temple_overflow_elements,
          mainiacjoe_overflow_brackets, vehumet_statue, amcnicky_mini_pool_small

Skill      XL: |  1  2  3  4  5  6 |
---------------+-------------------+-----
Axes           | 3 4 5 6 |  6.5
Shields        | 1 |  1.6
Armour         | 2 |  2.1
Fighting       | |  2.0
Throwing       | |  1.0
Dodging        | |  2.1
Spellcasting   | |  2.0
Translocations | |  2.4

Action                   |  1- 3 |  4- 6 || total
-------------------------+-------+-------++-------
Melee: Hand axe          |    61 |       ||    61
       Kick              |    22 |    42 ||    64
       Peck              |    10 |    18 ||    28
       War axe           |    14 |   130 ||   144
       Punch             |     2 |     1 ||     3
Throw: Boomerang         |     7 |    61 ||    68
  Use: Scroll            |     5 |     3 ||     8
Armor: Leather armour    |     8 |       ||     8
       Scale mail        |    13 |    16 ||    29
       Chain mail        |       |    27 ||    27
Dodge: Dodged            |    32 |    44 ||    76
Block: Buckler           |       |    10 ||    10

Table legend:
 A = Non-vault XP
 B = Vault XP
 C = Vault XP percentage of total XP
 D = Non-vault monster count
 E = Vault monster count
 F = Vault count percentage of total count
                 A         B        C        D         E       F
            +---------+---------+-------+---------+---------+-------
      Total |     328 |     104 |  24.1 |      76 |      21 |  21.6
            +---------+---------+-------+---------+---------+-------
        D:1 |      40 |       0 |   0.0 |      21 |       0 |   0.0
        D:2 |      44 |     104 |  70.3 |      21 |      21 |  50.0
        D:3 |     123 |       0 |   0.0 |      22 |       0 |   0.0
        D:4 |     121 |       0 |   0.0 |      12 |       0 |   0.0
            +---------+---------+-------+---------+---------+-------
